 Dungeon Crawl Stone Soup version 0.30-a0-859-gf88a04b62d (webtiles) character file.

Game seed: 14825015123840079673

37426 Darius099 the Grappler (level 13, -1/133 HPs)
             Began as a Troll Monk on Mar 6, 2023.
             Shot with an arrow by Nessos (21 damage)
             ... on level 4 of the Lair of Beasts.
             The game lasted 00:37:03 (12210 turns).

Darius099 the Grappler (Troll Monk)                Turns: 12210, Time: 00:37:05

Health: -1/133     AC:  9    Str: 24    XL:     13   Next: 58%
Magic:  12/12      EV: 19    Int:  6    God:
Gold:   1056       SH:  0    Dex: 14    Spells: 12/12 levels left

rFire   + . .      SeeInvis +      - Unarmed
rCold   + . .      Faith    .    (no shield)
rNeg    . . .      Spirit   .    P - +0 troll leather armour
rPois   .          Reflect  .    K - +2 hat
rElec   .          Rampage  .    i - scarf {rC+ rF+}
rCorr   .                        (gloves unavailable)
Will    .....                    (boots unavailable)
Stlth   +                        g - amulet of regeneration
HPRegen 2.82/turn                o - ring of see invisible
MPRegen 0.13/turn                a - +5 ring of evasion

@: lethally poisoned (-1 -> -16), studying Translocations
A: large, unfitting armour, claws 3, regeneration 1, shaggy fur 1, tough skin 1
a: no special abilities


You were on level 4 of the Lair of Beasts.
You visited 3 branches of the dungeon, and saw 17 of its levels.

You collected 1056 gold pieces.

Inventory:

Hand Weapons
 B - the +7 trident of Bloodstone {elec, Str+3}
   (You found it on level 6 of the Dungeon)

   Str:       It affects your strength (+3).
Missiles
 x - 3 throwing nets (quivered)
Armour
 d - quicksilver dragon scales
 i - a scarf of resistance (worn)
 k - a +2 cloak of stealth
 K - a +2 hat (worn)
 P - a +0 troll leather armour (worn)
Jewellery
 a - a +5 ring of evasion (right claw)
 g - an amulet of regeneration (around neck)
 o - a ring of see invisible (left claw)
 r - a ring of willpower
 s - a ring of willpower
 A - a +6 ring of dexterity
 C - a ring of wizardry
Wands
 b - a wand of flame (20)
 u - a wand of digging (13)
 L - a wand of charming (4)
 M - a wand of mindburst (15)
 R - a wand of quicksilver (4)
 T - a wand of iceblast (4)
Scrolls
 c - 8 scrolls of teleportation {unknown}
 j - 2 scrolls of amnesia {unknown}
 m - 5 scrolls of blinking
 n - 3 scrolls of brand weapon {unknown}
 p - 3 scrolls of vulnerability {unknown}
 v - 3 scrolls of fear {unknown}
 y - 3 scrolls of enchant armour {unknown}
 D - 2 scrolls of torment {unknown}
 J - a scroll of poison {unknown}
 O - 3 scrolls of enchant weapon {unknown}
 Q - a scroll of noise {unknown}
 S - 2 scrolls of silence {unknown}
 U - a scroll of identify
 V - a scroll of magic mapping {unknown}
Potions
 e - 5 potions of flight
 f - 4 potions of attraction
 h - 2 potions of invisibility
 l - 4 potions of brilliance
 q - 5 potions of lignification
 t - 2 potions of might
 w - 5 potions of haste
 z - a potion of magic
 E - a potion of resistance
 F - a potion of mutation
 G - 4 potions of cancellation
 H - 8 potions of curing
 I - a potion of heal wounds
 N - 3 potions of berserk rage


   Skills:
 - Level 10.1 Fighting
 + Level 8.6 Armour
 - Level 10.1 Dodging
 - Level 1.1 Stealth
 + Level 14.4 Unarmed Combat


You had 12 spell levels left.
You didn't know any spells.
Your spell library contained the following spells:

 Spells                   Type           Power      Damage    Failure   Level
 Kiss of Death            Conj/Necr      0%         2d5       50%         1
 Magic Dart               Conj           0%         1d3       50%         1
 Sandblast                Erth           0%         2d4       50%         1
 Summon Small Mammal      Summ           0%         N/A       50%         1
 Call Imp                 Summ           0%         N/A       63%         2
 Cigotuvi's Dreadful Rot  Necr/Pois/Air  0%         N/A       63%         2
 Passwall                 Tmut/Erth      0%         N/A       63%         2
 Poisonous Vapours        Pois/Air       0%         N/A       63%         2
 Scorch                   Fire           0%         2d5       63%         2
 Call Canine Familiar     Summ           0%         N/A       86%         3
 Confusing Touch          Hex            0%         N/A       86%         3
 Hailstorm                Conj/Ice       0%         3d3       86%         3
 Mephitic Cloud           Conj/Pois/Air  0%         N/A       86%         3
 Ozocubu's Armour         Ice            0%         N/A       86%         3
 Stone Arrow              Conj/Erth      0%         3d7       86%         3
 Summon Guardian Golem    Hex/Summ       0%         N/A       86%         3
 Animate Armour           Summ/Erth      0%         N/A       99%         4
 Dispel Undead            Necr           0%         3d6       99%         4
 Flame Wave               Conj/Fire      0%         2d4       99%         4
 Ice Form                 Ice/Tmut       0%         N/A       99%         4
 Alistair's Intoxication  Tmut/Pois      0%         N/A       100%        5
 Borgnjor's Vile Clutch   Necr/Erth      0%         N/A       100%        5
 Lee's Rapid Deconstruct  Erth           0%         3d4*      100%        5
 Eringya's Noxious Bog    Tmut/Pois      0%         N/A       100%        6
 Simulacrum               Ice/Necr       0%         N/A       100%        6
 Summon Cactus Giant      Summ           0%         N/A       100%        6
 Ozocubu's Refrigeration  Ice            0%         4d7       100%        7


Dungeon Overview and Level Annotations

Branches:
Dungeon (13/15)            Temple (1/1) D:6            Lair (2/5) D:9
 Spider (0/4) Lair:2          Orc (0/2) D:9
  Swamp: Lair:2-3    Shoals: Lair:2-3    Vaults: D:13-14

Altars:
Ashenzari
Cheibriados
Dithmenos
Elyvilon
Fedhas
Gozag
Hepliaklqana
Kikubaaqudgha
Makhleb
Nemelex Xobeh
Okawaru
Qazlal
Ru
Sif Muna
Trog
Uskayaw
Vehumet
Wu Jian
Xom
Yredelemnul
Zin
The Shining One

Annotations:
Lair:4 Nessos


Innate Abilities, Weirdness & Mutations

You are too large for most types of armour.
You have claws for hands.
Your natural rate of healing is unusually fast.
You are covered in fur. (AC +1)
You have tough skin. (AC +1)


Message History

You are more poisoned.
Nessos shoots an arrow.
The arrow closely misses you.
You feel very sick.
Nessos unwields a +2 longbow of flaming.
It stops flaming.
Nessos hits you.
* * * LOW HITPOINT WARNING * * *
Nessos completely misses you.
The blink frog blinks!
Nessos gestures wildly while chanting.
Nessos blinks!
You feel better.
Nessos mumbles some strange words.
Nessos blinks!
The blink frog blinks!
Nessos wields a +2 longbow of flaming.
It bursts into flame!
Nessos shoots an arrow.
The arrow completely misses you.
Nessos casts a spell.
Nessos blinks!
Nessos unwields a +2 longbow of flaming.
It stops flaming.
Nessos barely misses you. Nessos kicks you but does no damage.
You claw Nessos!
Nessos is moderately wounded.
Nessos barely misses you. Nessos completely misses you.
Nessos closely misses you. x2
You claw Nessos!
Nessos is moderately wounded.
Nessos casts a spell.
Nessos blinks!
Nessos wields a +2 longbow of flaming.
It bursts into flame!
Nessos shoots an arrow.
The arrow barely misses you.
Nessos shoots an arrow.
The arrow hits you!!
* * * LOW HITPOINT WARNING * * *
You are poisoned.
Nessos shoots an arrow.
The arrow misses you.
You feel very sick.
Nessos shoots an arrow.
The arrow hits you!!
* * * LOW HITPOINT WARNING * * *
The arrow burns you.
You are more poisoned.
* * * LOW HITPOINT WARNING * * *
Nessos shoots an arrow.
The arrow hits you!!
You die...

#..#......##...#
###.#....#.#####..# #..##.#..###
#P... # #........# ###.. #.
##.##......# #...
.####.####...#.##...# ##.#
........F........#...# #..
...#.P.#.####ยง...##.PP# #..
..### ## ###@#...#.PP# ##.# #.#
#####.P.........# ###..P #.#
#.......#..c.P. #.##.#
####.#####...........#..####.....
.P#...#.#......#.# ####.........#
...............#.# ##[.##..##
###..............# ## #.##
.#..........##...####### ####.#
...#...........#..#P.#.###..#.##


You could see Nessos (fast).

Vanquished Creatures
  Josephine (D:11)
  Erolcha (D:9)
  Fannar (D:10)
  A hydra (Lair:2)
  2 two-headed ogres
  3 centaur warriors
  A boulder beetle (D:12)
  A skyshark (Lair:4)
  5 skeletal warriors
  A deep elf zephyrmancer (D:9)
  Pikel (D:8)
  A deep elf pyromancer (D:9)
  2 oklob plants (Lair:1)
  An ugly thing (D:11)
  6 elephants
  A manticore (D:6)
  2 black mambas
  Maurice (D:11)
  2 gargoyles
  An unseen horror (D:11)
  3 komodo dragons
  4 cane toads
  Maggie (D:8)
  2 rime drakes
  A yaktaur (D:12)
  A polar bear (Lair:1)
  5 trolls
  13 blink frogs
  Prince Ribbit (D:6)
  2 shadows
  2 vampires
  A culicivora (Lair:2)
  2 wyverns
  32 yaks
  6 wraiths
  A steam dragon (D:8)
  4 basilisks
  3 acid dragons (D:12)
  3 water moccasins
  A swamp drake (D:9)
  A sky beast (D:8)
  2 ice beasts
  9 orc warriors
  3 black bears
  2 ogres
  16 wolves
  A centaur (D:7)
  4 phantoms
  4 kobold brigands
  6 bullfrogs
  2 gnoll sergeants
  3 scorpions
  5 wights (D:7)
  6 killer bees (D:8)
  3 howler monkeys (D:7)
  10 electric eels
  A crimson imp (D:9)
  3 hounds
  A jelly (D:6)
  8 orc priests
  An iron imp (D:9)
  Jessica (D:2)
  Ijyb (D:3)
  4 iguanas
  20 orc wizards
  10 gnolls
  9 adders
  2 shadow imps
  A white imp (D:9)
  An ufetubus (D:6)
  3 dart slugs
  70 orcs
  5 ball pythons
  5 bats
  4 endoplasms
  2 giant cockroaches
  7 goblins
  7 hobgoblins
  31 kobolds
  4 quokkas
  2 frilled lizards (D:3)
  5 rats
408 creatures vanquished.

Vanquished Creatures (others)
  An unseen horror (D:12)
  23 fungi
  39 plants
63 creatures vanquished.

Grand Total: 471 creatures vanquished

Notes
Turn   | Place    | Note
-------+----------+-------------------------------------------
     0 | D:1      | Darius099 the Troll Monk began the quest for the Orb.
     0 | D:1      | Reached XP level 1. HP: 22/22 MP: 0/0
   250 | D:1      | Reached XP level 2. HP: 21/29 MP: 1/1
   463 | D:1      | Found a faded altar of an unknown god.
   803 | D:2      | Noticed Jessica
   820 | D:2      | Killed Jessica
   821 | D:2      | Reached skill level 4 in Unarmed Combat
   821 | D:2      | Reached XP level 3. HP: 30/36 MP: 2/2
  1009 | D:2      | Reached XP level 4. HP: 44/44 MP: 3/3
  1344 | D:3      | Found a sacrificial altar of Ru.
  1471 | D:3      | Noticed Ijyb
  1482 | D:3      | Killed Ijyb
  1483 | D:3      | Reached skill level 5 in Unarmed Combat
  1613 | D:4      | Reached XP level 5. HP: 14/50 MP: 4/4
  1638 | D:4      | You fall into a shaft and drop 3 floors!
  1651 | D:5      | Entered Level 5 of the Dungeon
  1674 | D:5      | Reached skill level 6 in Unarmed Combat
  1739 | D:4      | Found an ornate altar of the Wu Jian Council.
  1758 | D:4      | Noticed a phantom
  1765 | D:4      | Killed a phantom
  1766 | D:4      | Reached XP level 6. HP: 56/59 MP: 5/5
  1903 | D:4      | Reached skill level 7 in Unarmed Combat
  2279 | D:5      | Noticed an ice beast
  2285 | D:5      | Killed an ice beast
  2286 | D:5      | Reached skill level 8 in Unarmed Combat
  2286 | D:5      | Reached XP level 7. HP: 66/66 MP: 6/6
  2517 | D:5      | Reached skill level 9 in Unarmed Combat
  2598 | D:5      | Found a blossoming altar of Fedhas.
  2863 | D:5      | Got the Directory of the Green Xenolith
  3046 | D:6      | Noticed a manticore
  3048 | D:6      | Killed a manticore
  3049 | D:6      | Reached skill level 10 in Unarmed Combat
  3049 | D:6      | Reached XP level 8. HP: 62/74 MP: 7/7
  3173 | D:6      | Found a large runed translucent door.
  3177 | D:6      | Found a large runed translucent door.
  3177 | D:6      | Noticed a troll
  3206 | D:6      | Killed a troll
  3224 | D:6      | Found a large runed translucent door.
  3224 | D:6      | Found a large runed translucent door.
  3249 | D:6      | Noticed Prince Ribbit
  3294 | D:6      | Reached XP level 9. HP: 73/84 MP: 8/8
  3310 | D:6      | Found a staircase to the Ecumenical Temple.
  3322 | Temple   | Entered the Ecumenical Temple
  3575 | D:6      | Reached skill level 5 in Fighting
  3575 | D:6      | Reached skill level 5 in Dodging
  3621 | D:6      | Identified the +7 trident of Bloodstone {elec, Str+3}
  3778 | D:6      | Killed Prince Ribbit
  4008 | D:7      | Found a snail-covered altar of Cheibriados.
  4062 | D:7      | Found a sparkling altar of Nemelex Xobeh.
  4067 | D:7      | Found a hazy altar of Hepliaklqana.
  4072 | D:7      | Found a stormy altar of Qazlal.
  4281 | D:7      | Reached XP level 10. HP: 100/100 MP: 9/9
  4311 | D:7      | Found a radiant altar of Vehumet.
  4483 | D:7      | Found a shimmering blue altar of Sif Muna.
  4723 | D:7      | Found a hide-covered altar of Uskayaw.
  4878 | D:7      | Found an opulent altar of Gozag.
  5209 | D:8      | Found the +5 woodcutter's axe
  5222 | D:8      | Noticed Pikel
  5235 | D:8      | Killed Pikel
  5244 | D:8      | Noticed Maggie
  5251 | D:8      | Killed Maggie
  6371 | D:9      | Found a staircase to the Lair.
  6637 | D:9      | Noticed a deep elf pyromancer
  6646 | D:9      | Killed a deep elf pyromancer
  6647 | D:9      | Reached XP level 11. HP: 98/113 MP: 10/10
  6657 | D:9      | Noticed a deep elf zephyrmancer
  6663 | D:9      | Killed a deep elf zephyrmancer
  6876 | D:9      | Found a staircase to the Orcish Mines.
  7070 | D:9      | Noticed Erolcha
  7081 | D:9      | Killed Erolcha
  7156 | D:10     | Entered Level 10 of the Dungeon
  7376 | D:10     | Noticed Fannar
  7386 | D:10     | Killed Fannar
  7474 | D:10     | Noticed a centaur warrior
  7477 | D:10     | Noticed a centaur warrior
  7483 | D:10     | Killed a centaur warrior
  7488 | D:10     | Killed a centaur warrior
  7489 | D:10     | Reached skill level 10 in Fighting
  7489 | D:10     | Reached skill level 10 in Dodging
  7926 | D:10     | Found a broken altar of Ashenzari.
  7955 | D:10     | Found a basalt altar of Yredelemnul.
  7983 | D:10     | Noticed an angel
  7984 | D:10     | Found a glowing silver altar of Zin.
  8130 | D:11     | Noticed Maurice
  8138 | D:11     | Killed Maurice
  8256 | D:11     | Reached skill level 1 in Armour
  8404 | D:11     | Noticed a white ugly thing
  8409 | D:11     | Killed a white ugly thing
  8420 | D:11     | Noticed Josephine
  8450 | D:11     | Killed Josephine
  8451 | D:11     | Reached skill level 11 in Unarmed Combat
  8454 | D:11     | Reached XP level 12. HP: 66/126 MP: 11/11
  8604 | D:11     | Noticed a two-headed ogre
  8612 | D:11     | Killed a two-headed ogre
  9212 | D:12     | Reached skill level 12 in Unarmed Combat
  9288 | D:12     | Reached skill level 5 in Armour
  9502 | D:12     | Noticed a two-headed ogre
  9510 | D:12     | Killed a two-headed ogre
  9683 | D:12     | Noticed a boulder beetle
  9699 | D:12     | Killed a boulder beetle
  9776 | D:12     | Noticed a centaur warrior
  9791 | D:12     | Killed a centaur warrior
 10052 | Lair:1   | Entered Level 1 of the Lair of Beasts
 10064 | Lair:1   | Found a blossoming altar of Fedhas.
 10149 | Lair:1   | Reached skill level 13 in Unarmed Combat
 10445 | Lair:1   | Reached XP level 13. HP: 108/133 MP: 12/12
 11519 | Lair:2   | Reached skill level 14 in Unarmed Combat
 11895 | Lair:2   | Found a hole to the Spider Nest.
 11917 | Lair:2   | You fall into a shaft and drop 2 floors!
 12015 | Lair:4   | Found a burning altar of Makhleb.
 12196 | Lair:4   | Noticed Nessos
 12210 | Lair:4   | Shot with an arrow by Nessos

Illustrated notes

Levels and vault maps discovered:
D:1:      kennysheep_arrival_seaside, layout_loops_cross, basic_ecumenical_altar
D:2:      layout_rooms, uniq_jessica
D:3:      layout_rooms, old_standard_altar, serial_glass, glass_columns_a,
          glass_columns_a, uniq_ijyb
D:4:      layout_basic, mainiacjoe_overflow_surrounded_room
D:5:      layout_loops_ring, mainiacjoe_overflow_small_starburst
D:6:      layout_loops_ring, minmay_temple_entry_hall,
          minmay_hollow_rounded_squares, uniq_prince_ribbit1
D:7:      layout_basic, nicolae_uskayaw_murder_on_the_dancefloor,
          lemuel_blue_sif_altar, nicolae_vehumet_altar_sigil,
          grunt_gozag_statues, grunt_temple_overflow_cloverleaf, serial_bayou,
          serial_bayou_pond_d, serial_bayou_ford_a, serial_bayou_pond_a,
          serial_bayou_lake_a, enter_bailey_3
D:8:      layout_loops_ring, minmay_starry_boxes, uniq_maggie, uniq_pikel
D:9:      layout_grid_maze, david_lair_generic, david_orc_4,
          hangedman_minor_magic, uniq_erolcha
D:10:     layout_loops_ring, zin_angel, mainiacjoe_overflow_two_lobes,
          minivault_20, uniq_fannar
D:11:     layout_irregular_city, uniq_maurice, uniq_josephine
D:12:     layout_basic, minmay_shattered_shrine
D:13:     layout_roguey, david_vaults_2
Temple:   hellmonk_temple_two_chambers
Lair:1:   layout_concentric_octagons, minmay_holes, hangedman_tree_tricks
Lair:2:   layout_small_grid, spider_nest_entry_rubble, minmay_lair_oklob_items,
          grunt_megastairs_3
Lair:4:   layout_loops_ring, basic_altar, uniq_nessos

Skill      XL: |  1  2  3  4  5  6  7  8  9 10 11 12 13 |
---------------+----------------------------------------+-----
Unarmed Combat | 4 5 6 8 10 11 13 14 | 14.4
Fighting       | 4 6 8 10 | 10.1
Dodging        | 4 6 8 10 | 10.1
Armour         | 2 6 8 |  8.6
Stealth        | |  1.1

Action                     |  1- 3 |  4- 6 |  7- 9 | 10-12 | 13-15 || total
---------------------------+-------+-------+-------+-------+-------++-------
  Melee: Unarmed           |    83 |   131 |   235 |   663 |   270 ||  1382
         Punch             |       |     1 |    19 |    56 |    30 ||   106
         Trident           |       |       |       |       |    13 ||    13
    Use: Scroll            |       |       |     4 |     7 |     1 ||    12
         Potion            |       |       |     2 |     2 |     2 ||     6
   Stab: Sleeping          |     1 |     3 |     5 |     5 |       ||    14
 Armour: Robe              |    33 |    27 |    55 |     6 |       ||   121
         Steam dragon scal |       |       |       |    86 |       ||    86
         Troll leather arm |       |       |       |    57 |    66 ||   123
  Dodge: Dodged            |    44 |    52 |   173 |   408 |   319 ||   996

Table legend: (Time is in decaauts)
 A = Elapsed time spent in this place.
 B = Non-inter-level travel time spent in this place.
 C = Inter-level travel time spent in this place.
 D = Time resting spent in this place.
 E = Time spent auto-exploring this place.
 F = Levels seen in this place.
 G = Mean time per level.
                   A        B        C        D        E       F      G
               +--------+--------+--------+--------+--------+-----+--------+
         Total |  11958 |  11538 |    420 |    827 |   6151 |  17 |  703.4 |
       Dungeon |   9874 |   9489 |    385 |    685 |   5547 |  13 |  759.5 |
        Temple |     25 |     25 |      0 |      0 |     13 |   1 |   25.0 |
          Lair |   2058 |   2023 |     35 |    142 |    591 |   3 |  686.0 |
               +--------+--------+--------+--------+--------+-----+--------+

Top non-repeatable levels by time:
     D:7: 1164 daAuts
     D:9: 1101 daAuts
    D:11: 1018 daAuts
  Lair:1: 1006 daAuts
    D:12: 949 daAuts
     D:6: 892 daAuts
     D:8: 880 daAuts
    D:10: 869 daAuts
     D:5: 802 daAuts
  Lair:2: 764 daAuts
     D:1: 760 daAuts
     D:4: 600 daAuts
     D:3: 466 daAuts
     D:2: 365 daAuts
  Lair:4: 286 daAuts
